 Dungeon Crawl Stone Soup version 0.30.2 (webtiles) character file.

Game seed: 1823422061724220548

7 Strat the Stinger (level 2, 0/17 HPs)
             Began as an Octopode Venom Mage on Mar 3, 2024.
             Slain by a kobold
             ... wielding a +0 dagger
              (2 damage)
             ... on level 1 of the Dungeon.
             The game lasted 00:01:13 (226 turns).

Strat the Stinger (Octopode Venom Mage)              Turns: 226, Time: 00:01:14

Health: 0/17       AC:  1    Str:  7    XL:     2   Next: 0%
Magic:  1/5        EV: 13    Int: 17    God:
Gold:   11         SH:  0    Dex: 12    Spells: 4/5 levels left

rFire   . . .        c - +0 dagger
rCold   . . .        (no shield)
rNeg    . . .        (helmet restricted)
rPois   .            (no amulet)
rElec   .            (no ring)
rCorr   .            (no ring)
SInv    .            (no ring)
Will    .....        (no ring)
Stlth   +++          (no ring)
HPRegen 0.22/turn    (no ring)
MPRegen 0.09/turn    (no ring)
                     (no ring)

%: no passive effects
@: no status effects
A: almost no armour, amphibious, 8 rings, camouflage 1, gelatinous body 1,
(nimble swimmer 1), tentacles
a: no special abilities


You were on level 1 of the Dungeon.
You visited 1 branch of the dungeon, and saw 1 of its levels.

You collected 11 gold pieces.

Inventory:

Hand Weapons
 c - a +0 dagger (weapon)
Scrolls
 d - 2 scrolls of noise {unknown}
 e - a scroll of identify {unknown}
 f - 2 scrolls of fog {unknown}
Potions
 a - a potion of magic
 b - a potion of heal wounds {unknown}


   Skills:
 - Level 2.0 Dodging
 - Level 2.6 Stealth
 - Level 2.0 Spellcasting
 - Level 1.0 Transmutations
 + Level 4.2 Poison Magic


You had 4 spell levels left.
You knew the following spells:

 Your Spells              Type           Power      Damage    Failure   Level
a - Sting                 Tmut/Pois      40%        1d5       7%          1

Your spell library contained the following spells:

 Spells                   Type           Power      Damage    Failure   Level
 Poisonous Vapours        Pois/Air       16%        N/A       12%         2
 Mephitic Cloud           Conj/Pois/Air  6%         N/A       32%         3
 Olgreb's Toxic Radiance  Pois           16%        N/A       32%         4


Dungeon Overview and Level Annotations

Branches:
Dungeon (1/15)

Altars:


Innate Abilities, Weirdness & Mutations

You cannot wear most types of armour.
You are amphibious.
You can wear up to eight rings at the same time.
Your skin changes colour to match your surroundings (Stealth+).
Your rubbery body absorbs attacks. (AC +1, EV +1)
((You are camouflaged when in or above water. (Stealth+)))
You have tentacles for arms and can constrict up to eight enemies at once.


Message History

The bat closely misses you. The bat closely misses you.
Casting: Sting (safe; 7% risk of failure)
Confirm with . or Enter, or press ? or * to list all spells.
Aiming: Sting (safe; 7% risk of failure)
Press: ? - help, Shift-Dir - straight line, f - kobold
Aim: a kobold, wielding a +0 whip (64% to hit)
The sting hits the kobold.
The kobold is poisoned.
The kobold is moderately wounded.
The bat misses you. The bat hits you.
* * * LOW HITPOINT WARNING * * *
The kobold barely misses you.
You closely miss the kobold. Your grab misses the kobold.
The kobold is moderately wounded.
The bat closely misses you.
You hit the giant cockroach. You grab the giant cockroach.
You squeeze the giant cockroach, but do no damage.
The giant cockroach is almost dead.
You constrict the giant cockroach.
You kill the giant cockroach!
The kobold barely misses you.
The kobold throws a stone.
The stone misses you.
You have reached level 2!
Casting: Sting (safe; 7% risk of failure)
Confirm with . or Enter, or press ? or * to list all spells.
Aiming: Sting (safe; 7% risk of failure)
Press: ? - help, Shift-Dir - straight line, f/p - kobold
Aim: a kobold, wielding a +0 whip (heavily wounded, poisoned, 64% to hit)
The sting misses the kobold.
The kobold closely misses you.
Unknown command.
Casting: Sting (safe; 7% risk of failure)
Confirm with . or Enter, or press ? or * to list all spells.
Aiming: Sting (safe; 7% risk of failure)
Press: ? - help, Shift-Dir - straight line, f/p - kobold
Aim: a kobold, wielding a +0 whip (moderately wounded, poisoned, 64% to hit)
The sting hits the kobold.
The kobold looks even sicker.
The kobold is heavily wounded.
The kobold hits you with a +0 whip.
* * * LOW HITPOINT WARNING * * *
The kobold hits you with a +0 dagger.
You die...

.............#....##.#.##..#
##.......###....##.#.....#
#.......#....#.##.##...##
...###.......#...##.##....#..#
#>.............###.#...###..#
......##..####...)......# #..#
..................#..##)# #..#
.[.....#....KK##........# ####
..........###@###########
.......#..# ### ....(..####
####. ?)?# ($#


You could see 2 kobolds.

Vanquished Creatures
  A bat (D:1)
  A giant cockroach (D:1)
  2 goblins (D:1)
  A hobgoblin (D:1)
  A kobold (D:1)
6 creatures vanquished.

Notes
Turn   | Place    | Note
-------+----------+-------------------------------------------
     0 | D:1      | Strat the Octopode Venom Mage began the quest for the Orb.
     0 | D:1      | Reached XP level 1. HP: 11/11 MP: 3/3
   197 | D:1      | Reached skill level 4 in Poison Magic
   225 | D:1      | Reached XP level 2. HP: 4/17 MP: 3/5
   226 | D:1      | Slain by a kobold

Illustrated notes

Levels and vault maps discovered:
D:1:      moated_graveyard_arrival, layout_rooms, serial_park_tiny_1,
          due_unseen_surprise

Skill      XL: |  1 |
---------------+----+-----
Poison Magic   | 4 |  4.2
Dodging        | |  2.0
Stealth        | |  2.6
Spellcasting   | |  2.0
Transmutations | |  1.0

Action                     || total
---------------------------++-------
  Melee: Dagger            ||    16
         Constrict         ||     8
         Unarmed           ||     3
         Tentacles         ||     2
   Cast: Sting             ||     3
   Stab: Sleeping          ||     2
 Armour: Skin              ||     3
  Dodge: Dodged            ||    26
